 Dungeon Crawl Stone Soup version 0.29-a0-271-gd4eb659eea (webtiles) character file.

Game seed: 10461804625418849579

50 funkygono the Firebug (level 3, -4/19 HPs)
             Began as a Gargoyle Fire Elementalist on Mar 8, 2022.
             Slain by Grinder (9 damage)
             ... on level 3 of the Dungeon.
             The game lasted 00:03:33 (2505 turns).

funkygono the Firebug (Gargoyle Fire Elementalist)  Turns: 2505, Time: 00:03:33

Health: -4/19      AC:  7    Str: 11    XL:     3   Next: 79%
Magic:  2/6        EV: 12    Int: 17    God:
Gold:   156        SH:  0    Dex: 10    Spells: 1/7 levels left

rFire   . . .      SeeInvis .   f - +0 whip
rCold   . . .      Faith    .   (no shield)
rNeg    + . .      Spirit   .   a - +0 robe
rPois   ∞          Reflect  .   m - +1 helmet
rElec   +          Harm     .   (no cloak)
rCorr   .          Rampage  .   (no gloves)
Will    .....                   (no boots)
Stlth   ++........              (no amulet)
HPRegen 0.06/turn               (no ring)
MPRegen 0.10/turn               (no ring)

@: no status effects
A: sickness immunity, AC +3, negative energy resistance 1, electricity
resistance, torment resistance 1, petrification resistance
a: no special abilities


You were on level 3 of the Dungeon.
You visited 1 branch of the dungeon, and saw 3 of its levels.

You collected 156 gold pieces.

Inventory:

Hand Weapons
 f - a +0 whip (weapon)
Missiles
 g - 43 stones
Armour
 a - a +0 robe (worn)
 m - a +1 helmet (worn)
Magical Staves
 c - a staff of air
Jewellery
 l - an amulet of guardian spirit
Scrolls
 e - 2 scrolls of identify
 i - a scroll of brand weapon {unknown}
Potions
 b - a potion of magic
 d - a potion of mutation
 h - a potion of cancellation


   Skills:
 + Level 1.7 Dodging
 - Level 2.1 Stealth
 * Level 2.6 Spellcasting
 * Level 1.9 Conjurations
 * Level 3.7 Fire Magic


You had one spell level left.
You knew the following spells:

 Your Spells              Type           Power      Damage    Failure   Level
a - Foxfire               Conj/Fire      44%        2x1d6     5%          1
b - Scorch                Fire           30%        2d6       6%          2
c - Conjure Flame         Conj/Fire      11%        6-21      17%         3

Your spell library contained the following spells:

 Spells                   Type           Power      Damage    Failure   Level
 Inner Flame              Hex/Fire       8%         N/A       26%         3
 Flame Wave               Conj/Fire      11%        2d5       50%         4


Dungeon Overview and Level Annotations

Branches:
Dungeon (3/15)

Altars:

Annotations:
D:3 Grinder


Innate Abilities, Weirdness & Mutations

You are immune to sickness and miasma.
Your stone body is resilient. (AC +3)
You are immune to poison.
You resist negative energy. (rN+)
You are resistant to electric shocks. (rElec)
You are resistant to unholy torment.
You are immune to petrification.


Message History

Confirm with . or Enter, or press ? or * to list all spells.
You conjure some foxfire!
The foxfire hits Grinder.
Grinder is lightly wounded.
Casting: Foxfire (safe; 5% risk of failure)
Confirm with . or Enter, or press ? or * to list all spells.
You conjure some foxfire!
Unknown command.
Casting: Foxfire (safe; 5% risk of failure)
Confirm with . or Enter, or press ? or * to list all spells.
Flames lash Grinder.
Grinder is moderately wounded.
Grinder's fire resistance burns away.
The foxfire hits Grinder.
Grinder is moderately wounded.
The foxfire hits Grinder!
Grinder is burned terribly!
Grinder is severely wounded.
The foxfire hits Grinder.
Grinder is severely wounded.
Grinder hits you.
You writhe in agony.
Casting: Scorch (safe; 6% risk of failure)
Confirm with . or Enter, or press ? or * to list all spells.
You conjure some foxfire!
Grinder gestures at you.
You suddenly lose the ability to move!
The foxfire hits Grinder!
Grinder is burned terribly!
Grinder is almost dead.
The foxfire hits Grinder.
Grinder is burned terribly!
Grinder is almost dead.
Grinder says, "Just stop there for a second..."
Grinder hits you.
Grinder blinks!
Grinder hits you.
Grinder is no longer more vulnerable to fire.
Grinder hits you. Grinder hits you.
* * * LOW HITPOINT WARNING * * *
You can move again.
You hit Grinder but do no damage.
Grinder is almost dead.
Grinder hits you!
You die...

##########
.........##
########.†# ##.##
#5.# #@.##
########...######
..................
########.#..####..
#.##.# ..# .# ####
.. #.# .#


You could see Grinder.

Vanquished Creatures
  A dart slug (D:1)
  5 bats
  5 endoplasms (D:1)
  2 giant cockroaches (D:1)
  9 goblins
  5 hobgoblins
  5 kobolds (D:1)
  A quokka (D:1)
  3 ball pythons (D:2)
  2 frilled lizards (D:1)
  4 rats (D:1)
42 creatures vanquished.

Vanquished Creatures (collateral kills)
  A foxfire (D:1)
1 creature vanquished.

Vanquished Creatures (others)
  122 foxfires
  A plant (D:1)
123 creatures vanquished.

Grand Total: 166 creatures vanquished

Notes
Turn   | Place    | Note
-------+----------+-------------------------------------------
     0 | D:1      | funkygono the Gargoyle Fire Elementalist began the quest
                  | for the Orb.
     0 | D:1      | Reached XP level 1. HP: 10/10 MP: 3/3
   253 | D:1      | Reached XP level 2. HP: 15/15 MP: 0/5
   256 | D:1      | Learned a level 2 spell: Scorch
   762 | D:1      | Reached XP level 3. HP: 15/19 MP: 3/6
   766 | D:1      | Learned a level 3 spell: Conjure Flame
   968 | D:1      | Found a faded altar of an unknown god.
  2429 | D:3      | Noticed Grinder
  2443 | D:3      | Paralysed by Grinder for 4 turns
  2499 | D:3      | Paralysed by Grinder for 6 turns
  2505 | D:3      | Slain by Grinder

Illustrated notes

Levels and vault maps discovered:
D:1:      giann_bridges, layout_loops_ring, serial_forest,
          infiniplex_forest_lined_3_way, infiniplex_forest_lined_4_way,
          infiniplex_forest_clump_large, infiniplex_forest_lined_corner,
          infiniplex_forest_end_2, infiniplex_forest_lined_3_way,
          infiniplex_forest_lined_1, basic_ecumenical_altar, minmay_unequal
D:2:      layout_basic, kennysheep_generic_room_12
D:3:      layout_basic, xom_teletrap_fun, dreamdust_mushroom_princess,
          uniq_grinder

Action                   || total
-------------------------++-------
Melee: Whip              ||    19
 Cast: Foxfire           ||    71
       Scorch            ||     3
  Use: Scroll            ||     5
Armor: Robe              ||    19
Dodge: Dodged            ||    32

Table legend: (Time is in decaauts)
 A = Elapsed time spent in this place.
 B = Non-inter-level travel time spent in this place.
 C = Inter-level travel time spent in this place.
 D = Time resting spent in this place.
 E = Time spent auto-exploring this place.
 F = Levels seen in this place.
 G = Mean time per level.
                   A        B        C        D        E       F      G
               +--------+--------+--------+--------+--------+-----+--------+
         Total |   2508 |   2471 |     37 |    371 |   1713 |   3 |  836.0 |
       Dungeon |   2508 |   2471 |     37 |    371 |   1713 |   3 |  836.0 |
               +--------+--------+--------+--------+--------+-----+--------+

Top non-repeatable levels by time:
     D:1: 1686 daAuts
     D:2: 765 daAuts
     D:3: 56 daAuts
